 Dungeon Crawl Stone Soup version 0.13.0-3-g966e3ec (webtiles) character file.

149 Deemzul the Magician (level 3, 0/19 HPs)
             Began as an Octopode Wizard on Oct 13, 2013.
             Slain by a gnoll
             ... wielding a +0,+0 whip
              (2 damage)
             ... on Level 2 of the Dungeon.
             The game lasted 00:02:29 (1169 turns).

Deemzul the Magician (Octopode Wizard)              Turns: 1169, Time: 00:02:29

HP   0/19        AC  1     Str  6      XL: 3   Next: 50%
MP   3/9         EV 12     Int 27      God:
Gold 109         SH  0     Dex 10      Spells:  1 memorised,  8 levels left

Res.Fire  : . . .   See Invis. : .   (no weapon)
Res.Cold  : . . .   Warding    : .   (no shield)
Life Prot.: . . .   Conserve   : .   b - +0 wizard hat
Res.Poison: .       Res.Corr.  : .   (no amulet)
Res.Elec. : .       Clarity    : .   g - +6 ring of intelligence
Sust.Abil.: . .     Spirit.Shd : .   (no ring)
Res.Mut.  : .       Stasis     : .   (no ring)
Res.Rott. : .       Flight     : .   (no ring)
Saprovore : . . .                    (no ring)
                                     (no ring)
                                     (no ring)
                                     (no ring)

@: not resistant to hostile enchantments, stealthy
A: almost no armour, amphibious, 8 rings, constrict 8, camouflage 1, AC +1
a: no special abilities


You were on level 2 of the Dungeon.
You were hungry.

You visited 1 branch of the dungeon, and saw 2 of its levels.

You collected 89 gold pieces.

Inventory:

Armour
 b - a +0 wizard hat (worn)
Comestibles
 d - a bread ration
Scrolls
 e - a scroll of enchant weapon I {unknown}
 f - a scroll of fog {unknown}
 h - 3 scrolls of identify {unknown}
 i - 2 scrolls of curse weapon {unknown}
 k - a scroll of random uselessness {unknown}
Jewellery
 g - a +6 ring of intelligence (left tentacle)
Potions
 a - 2 potions of curing {unknown}
 j - 2 potions of mutation {unknown}
Books
 c - a book of Minor Magic

   Spells                             Type                      Level
   *Magic Dart                        Conjuration                  1
   Blink                              Translocation                2
   Call Imp                           Summoning                    2
   Repel Missiles                     Charms/Air                   2
   Slow                               Hexes                        2
   Conjure Flame                      Conjuration/Fire             3
   Mephitic Cloud                     Conjuration/Poison/Air       3


   Skills:
 - Level 2.0 Dodging
 - Level 2.6 Stealth
 + Level 3.5 Spellcasting
 + Level 2.5 Conjurations
   Level 1.0 Summonings
   Level 1.0 Translocations


You had 8 spell levels left.
You knew the following spells:

 Your Spells              Type           Power        Failure   Level  Hunger
a - Magic Dart            Conj           ###.         3%          1    None


Dungeon Overview and Level Annotations

Branches:
Dungeon (2/27)

Altars:


Innate Abilities, Weirdness & Mutations

You cannot wear most types of armour.
You are amphibious.
You can wear up to eight rings at the same time.
You can use your tentacles to constrict many enemies at once.
Your skin changes colour to match your surroundings (Stlth).
Your rubbery body absorbs attacks (AC +1).


Message History

The gnoll is moderately wounded.
You constrict the gnoll, but do no damage.
Casting: Magic Dart
Confirm with . or Enter, or press ? or * to list all spells.
Aiming: Magic Dart
Press: ? - help, Shift-Dir - straight line, f/p - gnoll
Aim: a gnoll, wielding a whip (moderately wounded, constricted by you)
The magic dart hits the gnoll.
The gnoll is moderately wounded.
You constrict the gnoll. The gnoll hits you with a whip.
* * * LOW HITPOINT WARNING * * *
Casting: Magic Dart
Confirm with . or Enter, or press ? or * to list all spells.
Aiming: Magic Dart
Press: ? - help, Shift-Dir - straight line, f/p - gnoll
Aim: a gnoll, wielding a whip (heavily wounded, constricted by you)
The magic dart hits the gnoll.
The gnoll is severely wounded.
You constrict the gnoll. The gnoll hits you with a whip.
You die...

.♣.♣....P####P......PP.P♣§♣.♣♣...
.........#..'..#..P.♣.♣.♣♣§♣...♣♣
.P.......####...#....♣.♣♣P♣.♣♣.♣.
.................#.....♣.♣P♣PP...
...P#+##................♣...♣...♣
.P.. #..⌠..P.................♣.
.... #.P.....P...###.....♣.♣P.♣
...P #.....###...'.#....[P♣.♣♣.
.... .......#.g@..###...♣.♣♣♣...
.... .......###.......♣.♣♣.♣.#..
..♣. .............♣.♣P♣P ♣♣.♣♣..
. .♣...♣P.♣...P♣.♣♣..♣♣.#...
....♣PP♣...♣.♣♣.....>..
..♣♣♣♣##........###... .. ....
[..# #... ##### ##. #... #...


You could see a gnoll.

Vanquished Creatures
  2 green rats (D:2)
  2 giant geckos
  A giant cockroach (D:1)
  2 goblins (D:1)
  2 hobgoblins (D:1)
  A quokka (D:2)
  6 bats
  2 giant newts (D:1)
  3 kobolds (D:1)
  5 rats
26 creatures vanquished.

Notes
Turn   | Place    | Note
--------------------------------------------------------------
     0 | D:1      | Deemzul, the Octopode Wizard, began the quest for the Orb.
     0 | D:1      | Reached XP level 1. HP: 9/9 MP: 5/5
   118 | D:1      | Reached XP level 2. HP: 10/15 MP: 1/7
   799 | D:2      | Reached XP level 3. HP: 19/19 MP: 5/9
  1169 | D:2      | Slain by a gnoll

Action                   || total
-------------------------++-------
Melee: Unarmed           ||    17
 Cast: Magic Dart        ||    55
